 Dungeon Crawl Stone Soup version 0.24-a0-335-g06ca16a (webtiles) character file.

Game seed: 5661498569467061298

449 MisterFreud the Ruffian (level 6, -1/61 HPs)
             Began as a Troll Monk on May 18, 2019.
             Slain by a water moccasin (2 damage)
             ... on level 5 of the Dungeon.
             The game lasted 00:04:41 (3464 turns).

MisterFreud the Ruffian (Troll Monk)                Turns: 3464, Time: 00:04:41

Health: -1/61      AC:  6    Str: 22    XL:     6   Next: 74%
Magic:  5/5        EV: 11    Int:  6    God:
Gold:   218        SH:  0    Dex: 15    Spells: 5/5 levels left

rFire    . . .     SeeInvis .     - Unarmed
rCold    + . .     Gourm    +   (no shield)
rNeg     . . .     Faith    .   a - +0 robe
rPois    .         Spirit   .   (helmet restricted)
rElec    .         Reflect  .   (no cloak)
rCorr    .         Harm     .   (gloves unavailable)
MR       .....                  (boots unavailable)
Stlth    ++........             (no amulet)
HPRegen  0.60/turn              k - +3 ring of dexterity
MPRegen  0.09/turn              r - ring of protection from cold

@: lethally poisoned (-1 -> -31)
A: large, unfitting armour, claws 3, fast metabolism 3, gourmand, regeneration
1, shaggy fur 1, tough skin 3
a: no special abilities


You were on level 5 of the Dungeon.
You were not hungry.

You visited 1 branch of the dungeon, and saw 5 of its levels.

You collected 218 gold pieces.

Inventory:

Hand Weapons
 v - a +0 morningstar of holy wrath
Missiles
 i - 102 stones (quivered)
Armour
 a - a +0 robe (worn)
Jewellery
 k - a +3 ring of dexterity (left claw)
 r - a ring of protection from cold (right claw)
Scrolls
 c - 2 scrolls of amnesia
 m - 2 scrolls of teleportation
Potions
 d - 3 potions of degeneration
 e - a potion of resistance
 f - a potion of berserk rage
 g - 3 potions of curing
 l - a potion of cancellation
 o - a potion of might
 q - 2 potions of flight
 s - a potion of brilliance
 t - 2 potions of agility
 w - a potion of lignification {unknown}
 x - 2 potions of haste {unknown}
Comestibles
 b - 13 rations


   Skills:
 + Level 3.0 Fighting
 + Level 3.0 Dodging
 - Level 1.0 Stealth
 - Level 7.1 Unarmed Combat


You had 5 spell levels left.
You didn't know any spells.
Your spell library was empty.

Dungeon Overview and Level Annotations

Branches:
Dungeon (5/15)
 Temple: D:4-7

Altars:
Ashenzari
Fedhas
Hepliaklqana
Kikubaaqudgha
Makhleb
Ru
Trog
Zin


Innate Abilities, Weirdness & Mutations

You are too large for most types of armour.
You have claws for hands.
Your metabolism is lightning-fast.
You like to eat raw meat.
Your natural rate of healing is unusually fast.
You are covered in fur. (AC +1)
You have extremely tough skin. (AC +3)


Message History

* * * LOW HITPOINT WARNING * * *
You feel very sick. The water moccasin bites you.
* * * LOW HITPOINT WARNING * * *
You are more poisoned.
The water moccasin poisons you!
You barely miss the water moccasin.
The water moccasin is severely wounded.
* * * LOW HITPOINT WARNING * * *
You feel very sick.
The water moccasin bites you but does no damage.
You scratch the water moccasin but do no damage.
You claw the water moccasin.
The water moccasin is almost dead.
* * * LOW HITPOINT WARNING * * *
You feel very sick. The water moccasin bites you!
* * * LOW HITPOINT WARNING * * *
The water moccasin bites you.
You die...

..#..#....
....#...
#...#..# ##
###......#
#..#.......#
....<.....#
.......S..#
#@<.# #...#
#...## ##..#
####


You could see a water moccasin.

Vanquished Creatures
  A phantom (D:4)
  A hound (D:5)
  Natasha (twice) (D:2)
  5 worker ants (D:4)
  5 gnolls (D:3)
  5 adders
  A worm (D:4)
  2 dart slugs (D:1)
  3 leopard geckos
  5 orcs
  11 bats
  2 giant cockroaches
  5 goblins
  5 hobgoblins
  4 jackals (D:1)
  5 quokkas
  5 frilled lizards
  3 kobolds
  6 rats
76 creatures vanquished.

Vanquished Creatures (others)
  2 plants (D:4)
2 creatures vanquished.

Grand Total: 78 creatures vanquished

Notes
Turn   | Place    | Note
-------+----------+-------------------------------------------
     0 | D:1      | MisterFreud the Troll Monk began the quest for the Orb.
     0 | D:1      | Reached XP level 1. HP: 22/22 MP: 0/0
    76 | D:1      | Reached XP level 2. HP: 29/29 MP: 1/1
   238 | D:1      | Reached skill level 4 in Unarmed Combat
   882 | D:2      | Found a bloodstained altar of Trog.
   885 | D:2      | Found an ancient bone altar of Kikubaaqudgha.
   913 | D:2      | Found a shattered altar of Ashenzari.
   916 | D:2      | Reached XP level 3. HP: 36/36 MP: 2/2
   992 | D:2      | Noticed Natasha
   998 | D:2      | Killed Natasha
  1119 | D:2      | Reached XP level 4. HP: 37/44 MP: 3/3
  1313 | D:2      | Reached skill level 5 in Unarmed Combat
  1404 | D:2      | Found a burning altar of Makhleb.
  1413 | D:2      | Found a glowing silver altar of Zin.
  1413 | D:2      | Noticed an angel
  1413 | D:2      | Noticed a balrug
  1493 | D:2      | Noticed Natasha
  1498 | D:2      | Killed Natasha
  1676 | D:3      | Found a blossoming altar of Fedhas.
  1821 | D:3      | Reached XP level 5. HP: 34/50 MP: 4/4
  2035 | D:3      | Reached skill level 6 in Unarmed Combat
  2136 | D:3      | Found a hazy altar of Hepliaklqana.
  2514 | D:4      | Found a sacrificial altar of Ru.
  2529 | D:4      | Noticed a phantom
  2539 | D:4      | Killed a phantom
  2539 | D:4      | Reached XP level 6. HP: 57/59 MP: 5/5
  2571 | D:4      | Reached skill level 7 in Unarmed Combat
  3450 | D:5      | Entered Level 5 of the Dungeon
  3450 | D:5      | Noticed a water moccasin
  3464 | D:5      | HP: 1/61 [water moccasin (7)]
  3464 | D:5      | Slain by a water moccasin

Levels and vault maps discovered:
D:1:      dpeg_arrival_concentric_ovals, layout_basic, skrybe_limestone_x
D:2:      layout_basic, grunt_temple_overflow_order_and_chaos_2, bloody_trog,
          nicolae_ashenzari_panopticon, overflow_temple_1_default,
          due_unseen_surprise, uniq_natasha
D:3:      wad_woods_stonehenge, layout_basic, lemuel_doored_altar, first_ration
D:4:      minmay_general_purpose_star, layout_basic, serial_forest,
          infiniplex_forest_split, infiniplex_forest_fountain,
          infiniplex_forest_diagonal, infiniplex_forest_lined_corner,
          infiniplex_forest_clump_long, infiniplex_forest_corner_1,
          nicolae_ru_sacrificial_ziggurat
D:5:      layout_cave_pools

Skill      XL: |  1  2  3  4  5  6 |
---------------+-------------------+-----
Unarmed Combat | 4 5 6 7 |  7.1
Fighting       | 3 |  3.0
Dodging        | 3 |  3.0
Stealth        | |  1.0

Action                   |  1- 3 |  4- 6 || total
-------------------------+-------+-------++-------
Melee: Unarmed           |    67 |   128 ||   195
       Punch             |     2 |     3 ||     5
  Use: Scroll            |       |    14 ||    14
 Stab: Sleeping          |     4 |     6 ||    10
  Eat: Chunk             |    14 |    18 ||    32
Armor: Robe              |    20 |    32 ||    52
Dodge: Dodged            |    46 |    67 ||   113

Table legend:
 A = Non-vault XP
 B = Vault XP
 C = Vault XP percentage of total XP
 D = Non-vault monster count
 E = Vault monster count
 F = Vault count percentage of total count
                 A         B        C        D         E       F
            +---------+---------+-------+---------+---------+-------
      Total |     534 |     108 |  16.8 |      66 |      10 |  13.2
            +---------+---------+-------+---------+---------+-------
        D:1 |      37 |       0 |   0.0 |      20 |       0 |   0.0
        D:2 |      72 |      35 |  32.7 |      16 |       1 |   5.9
        D:3 |      80 |      40 |  33.3 |      15 |       8 |  34.8
        D:4 |     305 |      33 |   9.8 |      14 |       1 |   6.7
        D:5 |      40 |       0 |   0.0 |       1 |       0 |   0.0
            +---------+---------+-------+---------+---------+-------
